Map: Port Aleksander LE

Players

SrB - Winner!

  • Race: Terran Terran
  • League: Silver
  • Spawn Location: 11:00

Throwfordays

  • Race: Protoss Protoss
  • League: Silver
  • Spawn Location: 5:00

VOD

Have the link to the VOD?

Description

Time

  • Played on: April 3, 2019, 3:05 p.m.
  • Length: 8:40
Show
View Real Time Build Order
Export as new Build Order

SrB Terran - Winner!

Build Orders:  

Get SALT Encoding   

  12  0:00  SCV  
  13  0:12  SCV  
  14  0:18  Supply Depot  
  14  0:25  SCV  
  15  0:40  SCV  
  15  0:41  Barracks  
  16  0:46  Refinery  
  16  0:52  SCV  
  18  1:04  SCV  
  18  1:16  SCV  
  19  1:35  SCV  
  19  1:38  Reaper  
  21  1:47  Command Center  
  21  1:55  Barracks  
  21  2:05  Orbital Command  
  21  2:15  Supply Depot  
  21  2:16  Barracks Reactor  
  21  2:31  SCV  
  21  2:36  Refinery  
  22  2:41  Factory  
  22  2:43  Barracks Tech Lab  
  22  2:49  SCV  
  23  2:54  Marine x2  
  25  3:01  SCV  
  26  3:07  Marine  
  26  3:12  Marine  
  28  3:13  SCV  
  28  3:17  Orbital Command  
  29  3:25  Engineering Bay  
  29  3:31  Stimpack  
  29  3:33  SCV  
  30  3:35  Starport  
  30  3:39  Factory Reactor  
  30  3:40  Marine  
  31  3:43  Marine  
  31  3:47  Marine  
  32  4:06  Terran Infantry Weapons Level 1  
  32  4:07  Marine x3  
  32  4:09  SCV x2  
  37  4:23  SCV  
  37  4:24  SCV, Factory Tech Lab  
  39  4:25  Marine x2  
  39  4:27  Medivac  
  43  4:31  Supply Depot  
  43  4:32  Marine  
  43  4:36  SCV x2  
  46  4:42  Missile Turret  
  46  4:44  Missile Turret  
  46  4:53  Marine x3, SCV, Medivac  
  46  4:56  Supply Depot  
  46  4:59  SCV  
  53  5:09  Barracks  
  53  5:11  Marine  
  54  5:16  Refinery  
  54  5:18  Marine, Refinery, Siege Tank  
  54  5:20  Supply Depot  
  58  5:22  Combat Shield  
  58  5:34  Marine x2  
  60  5:38  SCV x2  
  62  5:50  SCV x2  
  64  6:02  SCV x2  
  66  6:08  Barracks Reactor  
  66  6:09  Marine x2, Barracks  
  68  6:11  Medivac  
  68  6:14  Siege Tank  
  68  6:15  SCV  
  62  6:27  Marine x2  
  58  6:35  Marine  
  58  6:37  Medivac  
  59  6:40  Supply Depot  
  59  6:42  Medivac  
  59  6:44  SCV x2  
  59  6:45  Marine x2  
  59  6:46  Siege Tank  
  68  6:56  SCV x2  
  68  7:01  Barracks Reactor, Marine x3  
  70  7:02  Supply Depot  
  70  7:04  Marine x2  
  75  7:11  Supply Depot  
  75  7:19  Marine x3  
  78  7:24  Marine x2  
  78  7:26  Supply Depot  
  80  7:36  Supply Depot  
  80  7:37  Marine x3  
  80  7:41  Marine x2  
  85  7:49  Marine x2  
  85  7:50  Siege Tank, Missile Turret  
  85  7:51  Medivac x2  
  94  7:55  Marine x3  
  97  7:59  Marine x2  
  99  8:07  Marine x2  
  99  8:08  Supply Depot  
  101  8:12  Marine x3  
Show
View Real Time Build Order
Export as new Build Order

Throwfordays Protoss 

Build Orders: Double Forge 

Get SALT Encoding   

  12  0:00  Probe  
  13  0:13  Probe  
  14  0:23  Pylon  
  14  0:25  Probe  
  15  0:37  Probe  
  16  0:45  Probe  
  16  0:48  Gateway  
  17  0:55  Probe  
  18  1:15  Probe  
  19  1:18  Assimilator  
  19  1:19  Pylon  
  19  1:21  Gateway  
  19  1:38  Cybernetics Core  
  19  1:40  Probe  
  20  1:48  Probe  
  20  1:52  Assimilator  
  21  1:56  Probe  
  22  2:06  Warp Gate  
  22  2:14  Nexus  
  22  2:23  Probe  
  22  2:28  Adept  
  25  2:34  Adept  
  27  2:53  Probe  
  27  2:54  Pylon  
  28  3:11  Pylon  
  28  3:12  Adept  
  30  3:16  Forge  
  30  3:25  Adept  
  32  3:32  Forge, Probe  
  32  3:40  Probe  
  34  3:50  Probe  
  35  4:03  Probe  
  35  4:06  Protoss Ground Weapons Level 1  
  35  4:09  Adept x2  
  40  4:11  Protoss Ground Armor Level 1  
  40  4:15  Probe x2  
  42  4:25  Probe  
  42  4:27  Probe  
  44  4:33  Probe  
  44  4:36  Probe  
  45  4:43  Probe  
  45  4:44  Probe  
  48  4:53  Probe  
  48  4:55  Adept x2, Probe  
  48  4:59  Assimilator  
  54  5:03  Assimilator  
  54  5:08  Twilight Council  
  54  5:12  Pylon  
  54  5:28  Gateway  
  54  5:30  Probe x2  
  54  5:31  Robotics Facility x2  
  56  5:42  Stalker x2, Probe x2  
  60  5:49  Resonating Glaives  
  58  6:24  Stalker x2  
  58  6:39  Nexus  
  59  6:47  Observer  
  59  6:54  Gateway  
  59  7:00  Probe  
  60  7:03  Probe  
  61  7:10  Robotics Bay  
  61  7:12  Probe  
  61  7:14  Assimilator  
  62  7:16  Assimilator  
  62  7:28  Pylon  
  62  7:31  Pylon  
  62  7:34  Pylon  
  62  7:38  Pylon  
  62  7:41  Pylon  
  62  7:44  Pylon  
  62  7:45  Pylon  
  62  7:46  Probe x2  
  62  7:47  Probe  
  62  7:48  Pylon  
  64  7:55  Probe  
  65  7:58  Probe  
  65  8:00  Probe  
  68  8:05  Probe  
  68  8:10  Probe  
  68  8:12  Probe  
  83  8:17  Probe  
  84  8:22  Stalker x3, Probe  
  84  8:24  Probe  
Tags
 
Add a new tag
Caveats
  • Supply blocks, unpowered buildings, or Contaminate may cause inaccurate times.
  • Supply counts are checked every 10 seconds.